 Dungeon Crawl Stone Soup version 0.31-a0-667-g39726597b9 (webtiles) character file.

Game seed: 9123931311852013113

20 NateTC the Chopper (level 2, -1/27 HPs)
             Began as a Hill Orc Berserker on Sept 3, 2023.
             Was a Follower of Trog.
             Succumbed to an adder's poison
             ... on level 2 of the Dungeon on Sept 4, 2023.
             The game lasted 00:02:43 (894 turns).

NateTC the Chopper (Hill Orc Berserker)              Turns: 894, Time: 00:02:43

Health: -1/27      AC:  2    Str: 19    XL:     2   Next: 79%
Magic:  2/2        EV: 11    Int:  7    God:    Trog [*.....]
Gold:   74         SH:  0    Dex: 10    Spells: 1/1 levels left

rFire   . . .        a - +1 hand axe
rCold   . . .        (no shield)
rNeg    . . .        b - +0 animal skin
rPois   .            (no helmet)
rElec   .            (no cloak)
rCorr   .            (no gloves)
SInv    .            (no boots)
Will    .....        (no amulet)
Stlth   +            (no ring)
HPRegen 0.24/turn    (no ring)
MPRegen 0.08/turn

%: no passive effects
@: lethally poisoned (-1 -> -8), hasted, very quick
A: no striking features
a: Renounce Religion, Berserk


You were on level 2 of the Dungeon.
You worshipped Trog.
Trog was aware of your devotion.
You visited 1 branch of the dungeon, and saw 2 of its levels.

You collected 74 gold pieces.

Inventory:

Hand Weapons
 a - a +1 hand axe (weapon)
Armour
 b - a +0 animal skin (worn)
Jewellery
 g - a +4 ring of protection
Scrolls
 c - a scroll of teleportation
Potions
 f - a potion of lignification


   Skills:
 + Level 4.1 Fighting
 * Level 4.9 Axes
 - Level 2.1 Armour
 - Level 1.5 Dodging


You had one spell level left.
You didn't know any spells.
Your spell library was empty.

Dungeon Overview and Level Annotations

Branches:
Dungeon (2/15) Zot: 11102

Altars:


Message History

The adder is lightly wounded.
You hit the kobold.
You kill the kobold!
Trog accepts your kill. The adder closely misses you. The adder bites you.
The adder barely misses you.
Things that are here:
a +0 short sword; 5 stones; a kobold corpse You barely miss the adder.
The adder is lightly wounded.
The adder bites you but does no damage.
You closely miss the adder.
The adder is lightly wounded.
The adder bites you. x2
You closely miss the adder.
The adder is lightly wounded.
The adder bites you.
You barely miss the adder.
The adder is lightly wounded.
The adder bites you but does no damage.
You closely miss the adder.
The adder is lightly wounded.
The adder bites you.
You are poisoned.
The adder poisons you! The adder bites you.
* * * LOW HITPOINT WARNING * * *
You barely miss the adder.
The adder is lightly wounded.
* * * LOW HITPOINT WARNING * * *
You feel sick. The adder bites you.
* * * LOW HITPOINT WARNING * * *
You are more poisoned.
The adder poisons you!
You slash the adder!
The adder is almost dead.
* * * LOW HITPOINT WARNING * * *
You feel very sick. The adder misses you.
You feel yourself speed up.
You die...

.##.......# .##.......#
.....# .##..[....#
.....# .##.......#
.....#
.#######'#########.....#
.# #...............# .#
#...............# .#
#...............# ##
#........@S# #
######....## ## ####..#
.# ##.# .# #.# .# #.# .#
#.. .# ### .#


You could see an adder.

Vanquished Creatures
  4 endoplasms
  3 goblins (D:1)
  A hobgoblin (D:1)
  2 kobolds (D:2)
  A quokka (D:2)
  3 ball pythons (D:1)
  2 frilled lizards (D:1)
  2 rats
18 creatures vanquished.

Notes
Turn   | Place    | Note
-------+----------+-------------------------------------------
     0 | D:1      | NateTC the Hill Orc Berserker began the quest for the Orb.
     0 | D:1      | Reached XP level 1. HP: 19/19 MP: 1/1
   101 | D:1      | Reached XP level 2. HP: 22/27 MP: 2/2
   360 | D:1      | Found a faded altar of an unknown god.
   893 | D:2      | HP: 1/27 [poisoned by an adder]
   894 | D:2      | Succumbed to an adder's poison

Illustrated notes

Levels and vault maps discovered:
D:1:      lightli_arrival_noodles, layout_loops_ring,
          ebering_ecumenical_altar_box, minmay_pentomino_r2
D:2:      layout_basic, hangedman_decor_lopped

Skill      XL: |  1  2 |
---------------+-------+-----
Fighting       | 4 |  4.1
Axes           | |  4.9
Armour         | |  2.1
Dodging        | |  1.5

Action                     || total
---------------------------++-------
  Melee: Hand axe          ||    50
    Use: Scroll            ||     4
         Potion            ||     1
 Armour: Animal skin       ||    25
  Dodge: Dodged            ||    22

Table legend: (Time is in decaauts)
 A = Elapsed time spent in this place.
 B = Non-inter-level travel time spent in this place.
 C = Inter-level travel time spent in this place.
 D = Time resting spent in this place.
 E = Time spent auto-exploring this place.
 F = Levels seen in this place.
 G = Mean time per level.
                   A        B        C        D        E       F      G
               +--------+--------+--------+--------+--------+-----+--------+
         Total |    897 |    880 |     17 |     59 |    509 |   2 |  448.5 |
       Dungeon |    897 |    880 |     17 |     59 |    509 |   2 |  448.5 |
               +--------+--------+--------+--------+--------+-----+--------+

Top non-repeatable levels by time:
     D:1: 683 daAuts
     D:2: 213 daAuts
